 Dungeon Crawl Stone Soup version 0.28.0-53-g5a82cb258f (webtiles) character file.

Game seed: 9135872784162717808

2241 issech the Spear-Bearer (level 9, 0/70 HPs)
             Began as a Minotaur Monk on June 5, 2022.
             Was a Priest of Hepliaklqana.
             Slain by a vampire (4 damage)
             ... on level 7 of the Dungeon.
             The game lasted 00:18:03 (5612 turns).

issech the Spear-Bearer (Minotaur Monk)             Turns: 5612, Time: 00:18:04

Health: 0/70       AC: 14    Str: 15    XL:     9   Next: 14%
Magic:  0/8        EV: 15    Int:  7    God:    Hepliaklqana [***...]
Gold:   262        SH:  0    Dex: 18    Spells: 8/8 levels left

rFire   . . .      SeeInvis .   k - +2 scythe (protect)
rCold   + . .      Faith    .   (shield currently unavailable)
rNeg    . . .      Spirit   +   i - +0 troll leather armour
rPois   +          Reflect  .   (helmet restricted)
rElec   .          Harm     .   q - +0 cloak
rCorr   .          Rampage  .   z - +0 pair of gloves
Will    .....                   (no boots)
Stlth   +.........              y - amulet of guardian spirit
HPRegen 1.01/turn               f - ring of protection from cold
MPRegen 0.11/turn               L - ring of poison resistance

@: confused, under a protective aura
A: reduced essence, horns 2, retaliatory headbutt
a: Renounce Religion, Recall Ancestor, Ancestor Identity, Transference


You were on level 7 of the Dungeon.
You worshipped Hepliaklqana.
Hepliaklqana was most pleased with you.
You visited 2 branches of the dungeon, and saw 8 of its levels.

You collected 262 gold pieces.

Inventory:

Hand Weapons
 a - a +0 hand axe
 b - a +1 vorpal hunting sling
 k - a +2 scythe of protection (weapon)
 l - a +2 dagger of venom
 v - a +0 quarterstaff
 C - a +0 vorpal falchion
 N - a +0 shortbow
 W - a +0 whip of draining
Missiles
 d - 150 stones
 e - 135 arrows
 o - 8 poisoned darts
 x - a curare-tipped dart
 B - 2 throwing nets
 E - 4 javelins
 H - 3 boomerangs (quivered)
 J - 3 datura-tipped darts
 R - 13 sling bullets
 V - 24 bolts
Armour
 i - a +0 troll leather armour (worn)
 p - the +0 leather armour of Sasopsit {MP+9}
   (You found it on level 3 of the Dungeon)

   MP:        It affects your magic capacity (+9).
 q - a +0 cloak (worn)
 w - a +0 scale mail
 z - a +0 pair of gloves (worn)
 F - a scarf of shadows
 U - a +0 ring mail
Jewellery
 f - a ring of protection from cold (left hand)
 t - a ring of ice
 y - an amulet of guardian spirit (around neck)
 L - a ring of poison resistance (right hand)
 M - a ring of flight
Wands
 P - a wand of charming (13)
Scrolls
 g - a scroll of enchant weapon {unknown}
 h - 7 scrolls of identify {unknown}
 j - 3 scrolls of fog {unknown}
 m - a scroll of acquirement {unknown}
 A - a scroll of amnesia {unknown}
 I - a scroll of teleportation {unknown}
 O - a scroll of noise {unknown}
 S - a scroll of blinking {unknown}
 T - a scroll of fear {unknown}
Potions
 c - 3 potions of curing {unknown}
 n - a potion of haste {unknown}
 r - 2 potions of flight {unknown}
 u - 2 potions of degeneration {unknown}
 D - a potion of ambrosia {unknown}
 G - a potion of mutation {unknown}
 K - a potion of might {unknown}
 Q - a potion of lignification {unknown}


   Skills:
 + Level 6.7 Fighting
 + Level 6.3(8.3) Axes
 + Level 8.4(9.4) Polearms
 + Level 2.1(2.2) Slings
 + Level 0.5(1.3) Throwing
 + Level 3.9 Armour
 + Level 6.0 Dodging
 + Level 3.8 Stealth


You had 8 spell levels left.
You didn't know any spells.
Your spell library was empty.

Dungeon Overview and Level Annotations

Branches:
Dungeon (7/15)             Temple (1/1) D:5

Altars:
Ashenzari
Cheibriados
Fedhas
Gozag
Hepliaklqana
Kikubaaqudgha
Makhleb
Nemelex Xobeh
Okawaru
Qazlal
Ru
Sif Muna
Trog
Uskayaw
Vehumet
Wu Jian
Xom
Yredelemnul
Zin
The Shining One


Innate Abilities, Weirdness & Mutations

Your life essence is reduced to manifest your ancestor. (-10% HP)
You have a pair of horns on your head.
You reflexively headbutt those who attack you in melee.


Message History

The vampire casts a spell.
The vampire flickers and vanishes!
Deactivating autopickup; reactivate with Ctrl-A.
Paullus casts a spell next to you.
The puff of frost hits something.
You closely miss something. Something hits you but does no damage.
Something bites you.
Something draws strength from your injuries!
Paullus gestures next to you while chanting.
The puff of frost hits something.
You slash something! Your headbutt misses something. Something hits you.
Something bites you but does no damage. Something hits you.
Something bites you.
Something draws strength from your injuries!
You hit something but do no damage. You headbutt something. Something hits you.
Something bites you but does no damage.
You slash something! Something hits you but does no damage.
Something bites you.
Something draws strength from your injuries!
Paullus casts a spell next to you.
The stone arrow hits something!
Something hits you but does no damage. Something bites you but does no damage.
You barely miss something. You headbutt something.
Something draws life force from you!
You closely miss something. You headbutt something.
Something hits you but does no damage. Something bites you but does no damage.
Something draws life force from you!
* * * LOW HITPOINT WARNING * * *
You hit something but do no damage. You headbutt something.
You hear some strange, mumbled words.
You are confused.
Something hits you.
* * * LOW HITPOINT WARNING * * *
Something bites you!
* * * LOW HITPOINT WARNING * * *
Something draws strength from your injuries!
You bump into the tree.
Something hits you!
* * * LOW HITPOINT WARNING * * *
Something bites you.
You die...

## ... ≈.♣♣
♣# ..♣ ♣.#
♣{♣)♣ ♣@♣
#R# ♣.♣
.♣♣♣#♣♣.♣♣#
.......♣..#
.♣♣♣#♣♣.♣♣#
♣.♣ #######
###.### ♣
..♣...♣
♣.....#


You could see the friendly Paullus the battlemage.

Vanquished Creatures
  Sigmund (D:2)
  3 water moccasins
  A necrophage (D:7)
  An orc warrior (D:7)
  A centaur (D:6)
  2 phantoms
  A kobold brigand (D:4)
  A howler monkey (D:5)
  3 jellies
  2 orc priests
  2 iguanas (D:4)
  Natasha (thrice) (D:3)
  4 orc wizards
  A hound skeleton (D:5)
  Robin (D:3)
  11 adders
  A shadow imp (D:6)
  A dart slug (D:4)
  19 orcs
  13 ball pythons
  2 bats (D:2)
  5 endoplasms
  2 giant cockroaches (D:2)
  17 goblins
  20 hobgoblins
  8 jackals
  2 quokkas
  2 frilled lizards
  7 kobolds
  8 rats
145 creatures vanquished.

Vanquished Creatures (collateral kills)
  A necrophage (D:6)
  An ogre (D:6)
  A phantom (D:6)
  A bullfrog (D:7)
  2 water moccasin zombies
  2 hounds (D:6)
  A jelly (D:6)
  An iguana (D:6)
  2 orc wizards
  2 white imps
  An orc (D:5)
15 creatures vanquished.

Vanquished Creatures (others)
  2 plants (D:7)
2 creatures vanquished.

Grand Total: 162 creatures vanquished

Notes
Turn   | Place    | Note
-------+----------+-------------------------------------------
     0 | D:1      | issech the Minotaur Monk began the quest for the Orb.
     0 | D:1      | Reached XP level 1. HP: 19/19 MP: 0/0
   228 | D:1      | Reached XP level 2. HP: 27/27 MP: 1/1
   864 | D:1      | Reached XP level 3. HP: 32/33 MP: 2/2
  1421 | D:2      | Reached XP level 4. HP: 34/40 MP: 3/3
  1572 | D:2      | Noticed Sigmund
  1833 | D:2      | Killed Sigmund
  1834 | D:2      | Reached skill level 1 in Armour
  1834 | D:2      | Reached XP level 5. HP: 15/47 MP: 4/4
  1947 | D:2      | Reached XP level 6. HP: 51/55 MP: 5/5
  1956 | D:2      | Found a faded altar of an unknown god.
  2136 | D:3      | Noticed Natasha
  2150 | D:3      | Killed Natasha
  2166 | D:3      | Noticed Natasha
  2172 | D:3      | Killed Natasha
  2189 | D:3      | Reached skill level 1 in Slings
  2261 | D:3      | Noticed Robin
  2298 | D:3      | Killed Robin
  2312 | D:3      | Noticed Natasha
  2322 | D:3      | Reached skill level 1 in Polearms
  2340 | D:3      | Killed Natasha
  2466 | D:3      | Identified the +0 leather armour of Sasopsit {MP+9}
  2475 | D:3      | Reached skill level 5 in Fighting
  2475 | D:3      | Reached skill level 2 in Polearms
  2843 | D:4      | Found an iron altar of Okawaru.
  2878 | D:4      | Reached XP level 7. HP: 61/61 MP: 6/6
  3073 | D:4      | Reached skill level 3 in Polearms
  3590 | D:4      | Reached skill level 4 in Polearms
  3704 | D:5      | Entered Level 5 of the Dungeon
  3805 | D:5      | Found a staircase to the Ecumenical Temple.
  3866 | Temple   | Entered the Ecumenical Temple
  4090 | Temple   | Became a worshipper of Hepliaklqana the Forgotten
  4090 | Temple   | Reached * piety under Hepliaklqana
  4090 | Temple   | Reached ** piety under Hepliaklqana
  4091 | Temple   | Remembered your ancestor Paullus as a battlemage
  4124 | D:5      | Reached skill level 5 in Polearms
  4124 | D:5      | Reached XP level 8. HP: 50/62 MP: 7/7
  4745 | D:6      | Reached skill level 5 in Dodging
  4874 | D:6      | Reached skill level 6 in Polearms
  5083 | D:6      | Reached skill level 7 in Polearms
  5526 | D:7      | Reached *** piety under Hepliaklqana
  5568 | D:7      | Reached skill level 8 in Polearms
  5568 | D:7      | Reached XP level 9. HP: 70/70 MP: 8/8
  5593 | D:7      | Noticed a gargoyle
  5612 | D:7      | Slain by a vampire

Illustrated notes

Levels and vault maps discovered:
D:1:      wheals_arrival_linesprint, layout_loops_ring
D:2:      layout_basic, hellmonk_ecumenical_altar_leap_of_faith, uniq_sigmund
D:3:      layout_rooms, dk_noncrumbling_3, minmay_misc_feat_secret_circle,
          hangedman_feature_mirror, minmay_curled_crystal, uniq_robin,
          uniq_natasha
D:4:      layout_basic, mainiacjoe_overflow_tiny_flanked, minivault_14,
          moated_statue
D:5:      layout_basic, temple_fountains
D:6:      layout_basic, serial_park_tiny_2
D:7:      nzn_winding_woodlands_medium [nzn_winding_woodlands_5x5_closed_star,
          nzn_winding_woodlands_5x15_pathside_ponds,
          nzn_winding_woodlands_5x5_default, nzn_winding_woodlands_5x5_cross,
          nzn_winding_woodlands_center_pierced_h,
          nzn_winding_woodlands_5x5_open_star, nzn_winding_woodlands_5x5_three,
          nzn_winding_woodlands_5x15_sidewinder,
          nzn_winding_woodlands_hourglass], layout_rooms,
          mainiacjoe_overflow_catwalk_spiral
Temple:   mainiacjoe_temple_bowtie_tessellation

Skill      XL: |  1  2  3  4  5  6  7  8  9 |
---------------+----------------------------+-----
Axes           | 4 6 |  6.3
Fighting       | 4 5 6 |  6.7
Stealth        | 2 3 |  3.8
Armour         | 1 2 3 |  3.9
Dodging        | 4 5 6 |  6.0
Slings         | 2 |  2.1
Polearms       | 2 5 8 |  8.4
Throwing       | |  0.5

Action                   |  1- 3 |  4- 6 |  7- 9 || total
-------------------------+-------+-------+-------++-------
Melee: Hand axe          |    67 |    45 |       ||   112
       Headbutt          |     7 |    13 |    25 ||    45
       Scythe            |       |    52 |   135 ||   187
 Fire: Hunting sling     |       |    45 |       ||    45
Throw: Stone             |     2 |       |       ||     2
       Boomerang         |       |       |     4 ||     4
Invok: Ancestor Life: Ba |       |       |     1 ||     1
 Stab: Sleeping          |       |     2 |     6 ||     8
       Distracted        |       |       |     1 ||     1
Armor: Robe              |     6 |       |       ||     6
       Troll leather arm |       |    53 |    60 ||   113
Dodge: Dodged            |    32 |   117 |   128 ||   277
